 Dungeon Crawl Stone Soup version 0.20.1-1-g8b1a95d (webtiles) character file.

643 polve the Chopper (level 7, -3/50 HPs)
             Began as a Demonspawn Gladiator on July 6, 2017.
             Slain by an orc priest
             ... wielding a +0 flail
              (6 damage)
             ... on level 4 of the Dungeon.
             The game lasted 00:03:27 (3652 turns).

polve the Chopper (Demonspawn Gladiator)            Turns: 3652, Time: 00:03:27

Health: -3/50      AC: 11    Str: 16    XL:     7   Next: 26%
Magic:  7/7        EV:  7    Int: 10    God:
Gold:   133        SH:  0    Dex: 14    Spells: 6/6 levels left

rFire    + . .     SeeInvis .   a - +0 war axe
rCold    . . .     Gourm    .   (no shield)
rNeg     . . .     Faith    .   l - +1 chain mail {rF+}
rPois    .         Spirit   .   (helmet restricted)
rElec    .         Reflect  .   (no cloak)
rCorr    .         Harm     .   (no gloves)
MR       .....                  h - +0 pair of boots
Stlth    ..........             (no amulet)
Regen    0.2/turn               (no ring)
MPRegen  0.1/turn               (no ring)

@: no status effects
A: horns 1, foul stench 1, spiny 2, rot immunity
a: no special abilities


You were on level 4 of the Dungeon.
You were not hungry.

You visited 1 branch of the dungeon, and saw 4 of its levels.
You also visited: Sewer.

You collected 133 gold pieces.

Inventory:

Hand Weapons
 a - a +0 war axe (weapon)
Missiles
 d - 3 throwing nets (quivered)
Armour
 h - a +0 pair of boots (worn)
 l - a +1 chain mail of fire resistance (worn)
Wands
 s - a wand of flame (16/48)
 t - a wand of flame (13/48)
Scrolls
 g - 3 scrolls of remove curse {unknown}
 j - 2 scrolls of fog {unknown}
 m - 3 scrolls of identify {unknown}
 q - a scroll of magic mapping {unknown}
 w - a scroll of noise {unknown}
 y - a scroll of teleportation {unknown}
Potions
 c - a potion of ambrosia {unknown}
 e - 2 potions of heal wounds {unknown}
 i - 3 potions of haste {unknown}
 k - a potion of degeneration {unknown}
 o - 2 potions of curing {unknown}
 p - a potion of mutation {unknown}
 u - a potion of might {unknown}
 v - 2 potions of flight {unknown}
 x - a potion of brilliance {unknown}
Comestibles
 b - 5 chunks of flesh
 f - 6 bread rations
 n - a meat ration
 r - 3 royal jellies


   Skills:
 - Level 2.0 Fighting
 + Level 7.2 Axes
 - Level 1.7 Throwing
 + Level 2.5 Armour
 - Level 2.6 Dodging


You had 6 spell levels left.
You didn't know any spells.

Dungeon Overview and Level Annotations

Branches:
Dungeon (4/15)
 Temple: D:4-7

Altars:
Fedhas

Annotations:
D:4 Overlord's ghost, amateur DsBe


Innate Abilities, Weirdness & Mutations

You have a pair of small horns on your head.
You may emit foul miasma when damaged in melee.
You are mostly covered in sharp spines.
You are immune to rotting.


Message History

The orc priest hits you with a whip.
* * * LOW HITPOINT WARNING * * *
The orc priest invokes the aid of Beogh against you.
Pain shoots through your body!
* * * LOW HITPOINT WARNING * * *
You hit the orc priest.
The orc priest is moderately wounded.
Your chain mail prevents you from hitting the orc priest.
The orc priest hits you but does no damage.
The orc priest hits you with a flail.
* * * LOW HITPOINT WARNING * * *
Okay, then.
You hit the orc priest.
You headbutt the orc priest, but do no damage.
The orc priest is moderately wounded.
You barely miss the orc priest. The orc priest hits you with a whip.
* * * LOW HITPOINT WARNING * * *
The orc priest is struck by your spines.
The orc priest hits you with a flail.
You die...

.#... ...# #!.... ###..# (..#.
....# .... ### #...# ... ####
#.##### ....# #... ..
#..####.#...#### ..#.###.. ##. #l
#..#............ ..#...#.....
#o##.........#..##. ..#.#...#.#
#o@...#....#...#... ....###...
##..#....#...#...#. .######.#
#.##..#...#...#... ........###
#.##....#...#..)#. .###..W..<#
#.##..#...#...#)รท.
####......#####.$###...#...#..)#.
................## #.#...#...#...
###.#.#.######## #...#...#...#.
#.....# #.#...#...#...


You could see 2 orc priests and a leopard gecko.

Vanquished Creatures
  Sigmund (D:2)
  An ogre (D:4)
  A big kobold (Sewer)
  An iguana (D:4)
  Terence (D:2)
  Natasha (thrice) (D:2)
  2 orc wizards (D:4)
  3 adders
  A river rat (Sewer)
  An ooze (D:3)
  4 worms
  2 dart slugs (D:1)
  4 leopard geckos
  4 orcs (D:4)
  4 ball pythons
  5 giant cockroaches
  10 goblins
  8 hobgoblins
  A jackal (Sewer)
  10 kobolds
  2 quokkas (D:3)
  7 bats
  4 frilled lizards
  11 rats
91 creatures vanquished.

Notes
Turn   | Place    | Note
-------+----------+-------------------------------------------
     0 | D:1      | polve the Demonspawn Gladiator began the quest for the Orb.
     0 | D:1      | Reached XP level 1. HP: 16/16 MP: 1/1
   172 | D:1      | Reached skill level 3 in Axes
   181 | D:1      | Gained mutation: You are partially covered in sharp spines. [demonic ancestry]
   181 | D:1      | Reached XP level 2. HP: 15/22 MP: 2/2
   909 | D:2      | Gained mutation: You are immune to rotting. [demonic ancestry]
   909 | D:2      | Reached XP level 3. HP: 23/27 MP: 3/3
  1179 | D:2      | Reached skill level 4 in Axes
  1282 | D:2      | Noticed Terence
  1294 | D:2      | Killed Terence
  1294 | D:2      | Gained mutation: You are mostly covered in sharp spines. [demonic ancestry]
  1294 | D:2      | Reached XP level 4. HP: 9/33 MP: 4/4
  1604 | D:2      | Noticed Sigmund
  1619 | D:2      | Killed Sigmund
  1619 | D:2      | Reached skill level 6 in Axes
  1619 | D:2      | Gained mutation: You may emit foul miasma when damaged in melee. [demonic ancestry]
  1619 | D:2      | Reached XP level 5. HP: 27/38 MP: 5/5
  1876 | D:2      | Found a blossoming altar of Fedhas.
  2085 | D:2      | Noticed Natasha
  2093 | D:2      | Killed Natasha
  2093 | D:2      | Reached XP level 6. HP: 44/44 MP: 6/6
  2253 | D:2      | Noticed Natasha
  2259 | D:2      | Killed Natasha
  2266 | D:2      | Noticed Natasha
  2270 | D:2      | Killed Natasha
  2661 | D:3      | Found a glowing drain.
  2672 | Sewer    | Entered a sewer
  2759 | Sewer    | Reached skill level 1 in Armour
  2887 | Sewer    | Found a white marble altar of Elyvilon.
  3330 | D:4      | Noticed Overlord's ghost (amateur DsBe)
  3341 | D:4      | Reached skill level 7 in Axes
  3341 | D:4      | Gained mutation: You have a pair of small horns on your head. [demonic ancestry]
  3341 | D:4      | Reached XP level 7. HP: 17/50 MP: 7/7
  3652 | D:4      | Slain by an orc priest

Skill      XL: |  1  2  3  4  5  6 |
---------------+-------------------+-----
Axes           | 3 4 6 7 |  7.2
Armour         | 2 |  2.5
Fighting       | |  2.0
Throwing       | |  1.7
Dodging        | |  2.6

Action                   |  1- 3 |  4- 6 |  7- 9 || total
-------------------------+-------+-------+-------++-------
Melee: War axe           |    67 |    98 |    17 ||   182
       Headbutt          |       |       |     2 ||     2
  Eat: Chunk             |     1 |     7 |     1 ||     9
Armor: Leather armour    |    15 |     2 |       ||    17
       Chain mail        |       |    45 |     9 ||    54
Dodge: Dodged            |    49 |    27 |     4 ||    80
